Description

q

Replay - Reynor v Serral: Game 4 - Eternal Empire LE

Build Order

Get SALT Encoding   

  12  0:00  Drone  
  13  0:12  Overlord  
  13  0:16  Drone  
  14  0:30  Drone x2  
  16  0:48  Hatchery  
  15  0:51  Drone  
  15  0:56  Drone x2  
  18  1:10  Extractor  
  17  1:14  Spawning Pool  
  17  1:17  Drone x2  
  18  1:28  Drone  
  19  1:38  Drone  
  20  1:49  Drone  
  21  2:00  Overlord, Queen x2  
  25  2:01  Zergling x2  
  26  2:10  Metabolic Boost  
  26  2:11  Drone x2  
  28  2:21  Drone x2  
  30  2:34  Hatchery  
  30  2:36  Drone x2  
  31  2:45  Baneling Nest  
  31  2:48  Drone  
  31  2:51  Overlord  
  31  2:56  Zergling x2  
  32  2:58  Drone  
  33  3:06  Drone x2  
  33  3:08  Zergling x2  
  33  3:10  Drone x3  
  33  3:12  Zergling x2  
  40  3:19  Overlord  
  40  3:20  Drone x2  
  42  3:27  Evolution Chamber  
  42  3:29  Zergling x2  
  42  3:32  Queen  
  44  3:39  Drone x4  
  46  3:43  Overlord  
  48  3:49  Drone x3, Baneling  
  48  3:54  Drone x3  
  53  3:58  Zerg Missile Weapons Level 1  
  53  4:00  Drone x3  
  55  4:08  Lair  
  57  4:11  Zergling x2  
  57  4:12  Drone x4  
  62  4:18  Overlord  
  62  4:29  Extractor x2, Drone x5  
  63  4:33  Drone  
  63  4:35  Roach Warren  
  63  4:36  Overlord  
  65  4:41  Pneumatized Carapace  
  65  4:42  Extractor, Drone x4  
  68  4:45  Overlord  
  68  4:47  Extractor x2  
  68  4:48  Drone  
  68  4:52  Drone x5  
  70  4:58  Overlord  
  71  5:02  Drone x3  
  74  5:11  Overseer  
  76  5:14  Glial Reconstitution, Drone x2  
  76  5:18  Zergling x12  
  78  5:25  Hatchery, Drone x2  
  82  5:30  Overlord  
  82  5:33  Zergling x8, Evolution Chamber  
  85  5:38  Baneling x2  
  85  5:41  Roach x2  
  87  5:50  Roach x3  
  87  5:53  Baneling x2  
  87  5:56  Overlord  
  92  6:00  Zerg Missile Weapons Level 2, Zerg Ground Armor Level 1  
  92  6:01  Drone x2  
  93  6:06  Queen x3  
  100  6:14  Roach x4  
  108  6:20  Infestation Pit  
  108  6:22  Overlord  
  107  6:27  Drone x7  
  112  6:45  Roach x3  
  116  6:47  Spore Crawler x3  
  113  6:54  Roach x4  
  113  6:57  Overlord  
  113  6:58  Spore Crawler  
  120  7:02  Overlord  
  120  7:05  Drone x4  
  124  7:10  Drone x4  
  124  7:11  Baneling x2  
  124  7:13  Overlord  
  124  7:15  Hive  
  127  7:16  Drone  
  127  7:18  Roach x4, Hydralisk Den  
  127  7:22  Overlord x4  
  135  7:30  Overlord x2  
  135  7:32  Drone  
  135  7:33  Roach  
  136  7:42  Roach x5  
  144  7:50  Hydralisk x4  
  157  8:05  Roach x7  
  157  8:12  Roach x3  
Spawning Tool Build Advisor. Get it on Overwolf

Go to:

Details

  • Created by: TinyPumpkin
  • Published on: Aug 13, 2020
  • Modified on: Aug 13, 2020
  • Patch: 4.11.0
  • Difficulty: Easy
Show
View Real Time Build Order
Export as new Build Order

Comments (0)

There are no comments. Be the first!

Create an account to comment!